 Dungeon Crawl Stone Soup version 0.31-a0-986-g5e6e4ef867 (webtiles) character file.

Game seed: 15761749689959509652

350 Jeffwins the Ruffian (level 6, -9/30 HPs)
             Began as a Vine Stalker Shapeshifter on Nov 13, 2023.
             Killed from afar by Ijyb (17 damage)
             ... with a bolt of light
             ... on level 4 of the Dungeon.
             The game lasted 00:05:38 (2356 turns).

Jeffwins the Ruffian (Vine Stalker Shapeshifter)    Turns: 2356, Time: 00:05:38

Health: -9/30      AC:  2    Str: 17    XL:     6   Next: 60%
Magic:  0/8        EV: 12    Int: 12    God:
Gold:   178        SH:  0    Dex: 13    Spells: 4/7 levels left

rFire   . .          .
                       - Unarmed
rCold   . . .        (no shield)
rNeg    + . .        a - +0 animal skin
rPois   .            (helmet currently unavailable)
rElec   .            (cloak currently unavailable)
rCorr   .            (gloves currently unavailable)
SInv    .            (boots currently unavailable)
Will    .....        (no amulet)
Stlth   ++           N - ring of positive energy
HPRegen 1.05/turn    (no ring)
MPRegen 0.11/turn

%: guardian spirit
@: beast-form
A: beast (slay +2), fangs 2, regeneration 1, magic shield, antimagic bite, no
potion heal 2
a: Begin Untransformation


You were on level 4 of the Dungeon.
You were a hulking beast.
You visited 1 branch of the dungeon, and saw 4 of its levels.

You collected 178 gold pieces.


Innate Abilities, Weirdness & Mutations

You are a hulking beast.
Your limbs bulge with bestial killing power. (Slay +2)
You have extremely sharp teeth.
Your natural rate of healing is unusually fast.
When hurt, damage is shared between your health and your magic reserves.
Your bite disrupts and absorbs the magic of your enemies.
Potions cannot restore your health.


   Skills:
 - Level 2.0 Fighting
 - Level 2.0 Dodging
 + Level 2.7 Stealth
 * Level 4.4 Unarmed Combat
 - Level 1.0 Spellcasting
 * Level 2.1 Ice Magic
 * Level 4.2 Shapeshifting


You had 4 spell levels left.
You knew the following spells:

 Your Spells              Type           Power      Damage    Failure   Level
X - Frozen Ramparts       Ice            10%        1d2       36%         3

Your spell library contained the following spells:

 Spells                   Type           Power      Damage    Failure   Level
 Magic Dart               Conj           0%         1d3       30%         1
 Ozocubu's Armour         Ice            5%         N/A       36%         3
 Call Imp                 Summ           0%         N/A       41%         2
 Hailstorm                Conj/Ice       3%         3d3       52%         3
 Mephitic Cloud           Conj/Pois/Air  0%         N/A       65%         3
 Summon Guardian Golem    Hex/Summ       0%         N/A       65%         3
 Tukima's Dance           Hex            0%         N/A       65%         3
 Summon Ice Beast         Ice/Summ       3%         N/A       89%         4
 Passage of Golubria      Tloc           0%         N/A       96%         4
 Petrify                  Tmut/Erth      0%         N/A       96%         4
 Metabolic Englaciation   Hex/Ice        1%         N/A       99%         5
 Yara's Violent Unravell  Hex/Tmut       0%         3d3       100%        5
 Simulacrum               Ice/Necr       1%         N/A       100%        6
 Orb of Destruction       Conj           0%         9d5       100%        7
 Ozocubu's Refrigeration  Ice            2%         4d8       100%        7
 Spellforged Servitor     Conj/Summ      0%         N/A       100%        7

Inventory:

Hand Weapons
 p - a +0 hand axe of venom
Armour
 a - a +0 animal skin (worn)
 n - a +0 pair of boots
 q - a +0 helmet
 s - a +0 pair of boots of rampaging
Jewellery
 N - a ring of positive energy (left hand)
Talismans
 c - a beast talisman
 d - a flux talisman
 f - a dragon-blood talisman
Scrolls
 b - 2 scrolls of blinking {unknown}
 j - 2 scrolls of identify {unknown}
 k - 2 scrolls of immolation {unknown}
 o - a scroll of revelation {unknown}
Potions
 e - a potion of ambrosia {unknown}
 g - 2 potions of cancellation {unknown}
 h - a potion of enlightenment {unknown}
 i - 2 potions of attraction {unknown}
 l - a potion of magic {unknown}
 m - a potion of berserk rage {unknown}
 r - 2 potions of curing {unknown}

Dungeon Overview and Level Annotations

Branches:
Dungeon (4/15)
 Temple: D:4-7

Altars:
Makhleb

Shops:
D:1 [

Annotations:
D:4 Ijyb

##.## #.#
#####...###### #.#
.............# #.#
#####...####.# #.#
##.## #.# #.# #†#
#.# #.# #.# #.#
#.# ######.#####.#
#g#
.............###h#
##.#####.##...)..#
#.# #.##.####.#
#.# #.##.##...#
#.# ###.##.##.#.#
#.# #.....).....#
#.# #.####.##.###
#.# #.# #.##.#
#.###.## #.##.#


You could see Ijyb.


Message History

Unknown command.
You hit Ijyb but do no damage.
Ijyb is heavily wounded.
Ijyb hits you with a +0 club.
Unknown command.
You completely miss Ijyb.
Ijyb is heavily wounded.
Ijyb hits you with a +0 club.
Unknown command.
You barely miss Ijyb. You bite Ijyb. You drain her power.
You feel invigorated.
Ijyb is severely wounded.
Ijyb zaps a wand.
The bolt of light hits you!
You are confused.
* * * LOW HITPOINT WARNING * * *
You barely miss Ijyb. Your bite misses Ijyb.
Ijyb is severely wounded.
Ijyb hits you with a +0 club.
* * * LOW HITPOINT WARNING * * *
Unknown command.
You closely miss Ijyb. Your bite misses Ijyb.
Ijyb is severely wounded.
You feel less confused. Ijyb hits you with a +0 club.
* * * LOW HITPOINT WARNING * * *
Unknown command.
You hit Ijyb.
Ijyb is severely wounded.
Ijyb zaps a wand.
The bolt of light hits you!!
Ouch! That really hurt!
You die...

Skill      XL: |  1  2  3  4  5  6 |
---------------+-------------------+-----
Fighting       | 1 2 |  2.0
Stealth        | 1 2 |  2.7
Dodging        | 2 |  2.0
Spellcasting   | 1 |  1.0
Unarmed Combat | 4 |  4.4
Ice Magic      | 1 2 |  2.1
Shapeshifting  | 4 |  4.2

Action                     |  1- 3 |  4- 6 || total
---------------------------+-------+-------++-------
  Melee: Unarmed           |    80 |   117 ||   197
         Bite              |    15 |    31 ||    46
         Punch             |     1 |     4 ||     5
    Use: Potion            |       |     1 ||     1
   Stab: Sleeping          |       |     6 ||     6
 Armour: Animal skin       |    37 |    52 ||    89
         Skin              |       |    23 ||    23
  Dodge: Dodged            |    38 |    51 ||    89

Levels and vault maps discovered:
D:1:      dpeg_arrival_connections, layout_rooms,
          chequers_ecumenical_altar_island, serial_shops, shop, st_stairs_9,
          minivault_11
D:2:      layout_rooms, corexii_hall_statues_x
D:3:      layout_basic
D:4:      layout_loops_ring, lightli_temple_of_fire, uniq_ijyb

Notes
Turn   | Place    | Note
-------+----------+-------------------------------------------
     0 | D:1      | Jeffwins the Vine Stalker Shapeshifter began the quest for
                  | the Orb.
     0 | D:1      | Reached XP level 1. HP: 9/9 MP: 2/2
    24 | D:1      | Reached skill level 1 in Fighting
    39 | D:1      | Reached XP level 2. HP: 14/14 MP: 1/3
    76 | D:1      | Found Merhenk's Armour Shoppe.
   181 | D:1      | Found a faded altar of an unknown god.
   229 | D:1      | Reached skill level 1 in Stealth
   265 | D:1      | Reached XP level 3. HP: 18/18 MP: 4/4
   973 | D:3      | Reached XP level 4. HP: 22/22 MP: 5/5
  1268 | D:3      | Reached skill level 2 in Dodging
  1467 | D:4      | Learned a level 3 spell: Frozen Ramparts
  1553 | D:4      | Reached XP level 5. HP: 26/26 MP: 7/7
  1569 | D:4      | Reached skill level 2 in Stealth
  1569 | D:4      | Reached skill level 1 in Spellcasting
  1623 | D:4      | Reached skill level 4 in Unarmed Combat
  1623 | D:4      | Reached skill level 1 in Ice Magic
  1623 | D:4      | Reached skill level 4 in Shapeshifting
  1661 | D:4      | Reached skill level 2 in Fighting
  1781 | D:4      | Noticed a centaur
  1792 | D:4      | Reached XP level 6. HP: 9/30 MP: 1/8
  1862 | D:4      | Found a burning altar of Makhleb.
  1968 | D:4      | Noticed Ijyb
  2099 | D:4      | Reached skill level 2 in Ice Magic
  2356 | D:4      | Killed from afar by Ijyb

Vanquished Creatures
  A centaur (D:4)
  A scorpion (D:4)
  A jelly (D:4)
  An orc priest (D:4)
  An orc wizard (D:4)
  4 adders
  2 worms
  3 dart slugs
  11 orcs
  5 endoplasms
  2 giant cockroaches
  8 hobgoblins
  2 jackals (D:2)
  8 kobolds
  3 quokkas (D:3)
  10 ball pythons
  2 bats (D:1)
  4 frilled lizards
  5 goblins
  4 rats
78 creatures vanquished.

Table legend: (Time is in decaauts)
 A = Elapsed time spent in this place.
 B = Non-inter-level travel time spent in this place.
 C = Inter-level travel time spent in this place.
 D = Time resting spent in this place.
 E = Time spent auto-exploring this place.
 F = Levels seen in this place.
 G = Mean time per level.
                   A        B        C        D        E       F      G
               +--------+--------+--------+--------+--------+-----+--------+
         Total |   2346 |   2213 |    133 |     43 |   1666 |   4 |  586.5 |
       Dungeon |   2346 |   2213 |    133 |     43 |   1666 |   4 |  586.5 |
               +--------+--------+--------+--------+--------+-----+--------+

Top non-repeatable levels by time:
     D:4: 892 daAuts
     D:3: 520 daAuts
     D:1: 471 daAuts
     D:2: 463 daAuts

Table legend:
 A = Non-vault XP
 B = Vault XP
 C = Vault XP percentage of total XP
 D = Non-vault monster count
 E = Vault monster count
 F = Vault count percentage of total count
                 A         B        C        D         E       F
            +---------+---------+-------+---------+---------+-------
      Total |     498 |       2 |   0.4 |      76 |       2 |   2.6
            +---------+---------+-------+---------+---------+-------
        D:1 |      35 |       2 |   5.4 |      22 |       2 |   8.3
        D:2 |      31 |       0 |   0.0 |       8 |       0 |   0.0
        D:3 |      64 |       0 |   0.0 |      24 |       0 |   0.0
        D:4 |     368 |       0 |   0.0 |      22 |       0 |   0.0
            +---------+---------+-------+---------+---------+-------
